 Dungeon Crawl Stone Soup version 0.28.0-45-g0d030f2227 (webtiles) character file.

Game seed: 16714017536729655231

473 psko the Magician (level 6, -1/30 HPs)
             Began as a Spriggan Conjurer on Apr 24, 2022.
             Shot with an arrow by a centaur (9 damage)
             ... on level 5 of the Dungeon.
             The game lasted 00:20:36 (5642 turns).

psko the Magician (Spriggan Conjurer)               Turns: 5642, Time: 00:20:37

Health: -1/30      AC:  3    Str:  5    XL:     6   Next: 83%
Magic:  12/14      EV: 21    Int: 25    God:
Gold:   167        SH:  0    Dex: 14    Spells: 12/15 levels left

rFire   . . .      SeeInvis +   j - +10 zealot's sword {holy, *Rage rN+ EV+3}
rCold   . . .      Faith    +   (no shield)
rNeg    + . .      Spirit   .   a - +0 robe
rPois   .          Reflect  .   (helmet restricted)
rElec   .          Harm     .   o - +0 cloak
rCorr   .          Rampage  .   (gloves unavailable)
Will    ++...      Rage     20% (boots unavailable)
Stlth   +++.......              h - amulet of faith
HPRegen 0.10/turn               e - +6 ring of intelligence
MPRegen 0.14/turn               k - ring "Dibbiebett" {*Corrode Fly Will+ Slay+3}

@: on berserk cooldown, flying, slowed, quick
A: very small, no large weapons, unfitting armour, see invisible, speed 3
a: no special abilities


You were on level 5 of the Dungeon.
You visited 1 branch of the dungeon, and saw 5 of its levels.

You collected 167 gold pieces.

Inventory:

Hand Weapons
 c - a +0 dagger
 j - the +10 zealot's sword (weapon) {holy, *Rage rN+ EV+3}
   (You found it on level 2 of the Dungeon)

   It has been blessed by the Shining One to cause great damage to the undead
   and demons.
   Whenever the wielder enters a berserk rage, their allies are berserked
   alongside them.
   EV:        It affects your evasion (+3).
   rN:        It protects you from negative energy.
   *Rage:     It berserks you when you make melee attacks (+20% chance).
 l - a +1 mace of protection
Armour
 a - a +0 robe (worn)
 o - a +0 cloak (worn)
Jewellery
 e - a +6 ring of intelligence (left hand)
 h - an amulet of faith (around neck)
 k - the ring "Dibbiebett" (right hand) {*Corrode Fly Will+ Slay+3}
   (You found it on level 2 of the Dungeon)

   [ring of flight]

   Slay:      It affects your accuracy & damage with ranged weapons and melee
   (+3).
   Fly:       It grants you flight.
   *Corrode:  It may corrode you when you take damage.
   Will:      It increases your willpower.
 q - a ring of fire
Wands
 i - a wand of polymorph (12)
Scrolls
 p - a scroll of immolation {unknown}
 r - a scroll of amnesia {unknown}
Potions
 b - 2 potions of degeneration
 d - 2 potions of curing {unknown}
 f - a potion of lignification {unknown}
 g - a potion of ambrosia {unknown}
 m - 2 potions of brilliance {unknown}
 n - 2 potions of resistance {unknown}
 s - a potion of mutation {unknown}


   Skills:
 + Level 1.0 Fighting
 + Level 2.7 Long Blades
 + Level 3.6 Dodging
 + Level 4.4 Stealth
 + Level 5.1 Spellcasting
 + Level 4.0 Conjurations


You had 12 spell levels left.
You knew the following spells:

 Your Spells              Type           Power      Damage    Failure   Level
a - Magic Dart            Conj           100%       1d8       1%          1
b - Searing Ray           Conj           52%        2d6       2%          2

Your spell library contained the following spells:

 Spells                   Type           Power      Damage    Failure   Level
 Dazzling Flash           Conj/Hex       32%        N/A       11%         3
 Fulminant Prism          Conj/Hex       8%         3d7       34%         4
 Iskenderun's Mystic Bla  Conj/Tloc      16%        2d5       34%         4


Dungeon Overview and Level Annotations

Branches:
Dungeon (5/15)
 Temple: D:4-7

Altars:
Uskayaw
Vehumet
Wu Jian


Innate Abilities, Weirdness & Mutations

You are very small and have problems with some larger weapons.
You are too small for most types of armour.
You have supernaturally acute eyesight. (SInv)
You cover ground extremely quickly. (Speed+++)


Message History

Confirm with . or Enter, or press ? or * to list all spells.
Aiming: Magic Dart (safe; 1% risk of failure)
Press: ? - help, Shift-Dir - straight line, f/p - orc
Aim: an orc, wielding a +0 flail and wearing a +0 leather armour (heavily wounded, 100% to hit)
The magic dart hits the orc.
The orc is severely wounded.
Casting: Magic Dart (safe; 1% risk of failure)
Confirm with . or Enter, or press ? or * to list all spells.
You don't know that spell.
You reach down and open the door.
A centaur comes into view.
The orc wizard casts a spell at you. The magic dart hits you!
Found a stone staircase leading up.
The centaur shouts!
An iguana comes into view.
The orc throws a boomerang.
The boomerang barely misses you.
There is an open door here.
The centaur wields a +0 shortbow.
The centaur shoots an arrow.
The arrow hits you!
Casting: Magic Dart (safe; 1% risk of failure)
Confirm with . or Enter, or press ? or * to list all spells.
Aiming: Magic Dart (safe; 1% risk of failure)
Press: ? - help, Shift-Dir - straight line, f/p - orc
Aim: an orc, wielding a +0 flail and wearing a +0 leather armour (severely wounded, 100% to hit)
The magic dart hits the orc.
The orc is almost dead.
A red film seems to cover your vision as you go berserk!
You feel yourself moving faster!
You feel mighty!
You slice the orc!!
You kill the orc!
You feel a strong urge to attack something.
You feel your anger nearly subside.
The centaur shoots an arrow.
The arrow hits you!
* * * LOW HITPOINT WARNING * * *
You are no longer berserk.
You are exhausted.
You feel yourself slow down.
There is a stone staircase leading up here.
The centaur shoots an arrow.
The arrow hits you!
You die...

#..........
#..........
#..........
#.........#
#...^.....# .. ###
#<.# ...
#...##..####+###....
........#...........
#.......o.c.@.......
#.....l.#.....#####+
#.......#.....#
#.......#.....#
#..o.o..#.....#
##....####....#
#c... #....# l....
.....# .....#


You could see a centaur, an iguana (wandering) and an orc.

Vanquished Creatures
  A necrophage (D:3)
  A bullfrog (D:4)
  A bullfrog zombie (D:4)
  An orc priest (D:3)
  2 hounds (D:4)
  An iguana (D:4)
  7 adders
  An adder skeleton (D:4)
  5 worms
  3 dart slugs
  9 orcs
  6 bats
  9 endoplasms
  3 giant cockroaches
  4 goblins
  8 hobgoblins
  6 jackals
  3 quokkas
  6 ball pythons
  3 frilled lizards (D:1)
  6 kobolds
  5 rats
91 creatures vanquished.

Notes
Turn   | Place    | Note
-------+----------+-------------------------------------------
     0 | D:1      | psko the Spriggan Conjurer began the quest for the Orb.
     0 | D:1      | Reached XP level 1. HP: 9/9 MP: 5/5
   376 | D:1      | Reached XP level 2. HP: 9/13 MP: 0/6
   493 | D:1      | Learned a level 2 spell: Searing Ray
   595 | D:1      | Reached skill level 3 in Spellcasting
  1347 | D:1      | Reached XP level 3. HP: 16/16 MP: 5/8
  2250 | D:2      | Reached XP level 4. HP: 21/21 MP: 3/10
  2254 | D:2      | Found the +10 zealot's sword {holy, *Rage rN+ EV+3}
  2435 | D:2      | Identified the ring "Dibbiebett" {*Corrode Fly Will+
                  | Slay+3}
  2548 | D:2      | Found a faded altar of an unknown god.
  3079 | D:3      | Reached skill level 4 in Spellcasting
  3141 | D:3      | HP: 1/21 [poisoned by an adder]
  3447 | D:3      | Found a hide-covered altar of Uskayaw.
  3744 | D:3      | Reached XP level 5. HP: 24/24 MP: 6/12
  4261 | D:4      | Reached skill level 1 in Long Blades
  4272 | D:4      | Noticed a necrophage
  4273 | D:4      | Found a radiant altar of Vehumet.
  4296 | D:3      | Killed a necrophage
  4418 | D:4      | Reached XP level 6. HP: 29/29 MP: 10/14
  4434 | D:4      | Reached skill level 5 in Spellcasting
  4806 | D:4      | Found an ornate altar of the Wu Jian Council.
  4812 | D:4      | Noticed a spectral centipede
  4812 | D:4      | Noticed a spectral black mamba
  4812 | D:4      | Noticed a spectral cane toad
  5432 | D:4      | Reached skill level 1 in Fighting
  5623 | D:5      | Entered Level 5 of the Dungeon
  5642 | D:5      | Shot with an arrow by a centaur

Illustrated notes

Levels and vault maps discovered:
D:1:      kilobyte_arrival_exit_the_forest, layout_basic
D:2:      layout_basic, shapermc_ecumenical_altar_mp_vishouse,
          chequers_arboretum, minmay_misc_feat_roman
D:3:      layout_basic, nicolae_uskayaw_murder_on_the_dancefloor, serial_glass,
          glass_columns_a, glass_columns_a
D:4:      layout_gridville, pdpol_wu_jian_five_deadly_venoms,
          mainiacjoe_overflow_surrounded_room
D:5:      layout_gridville, minmay_temple_entry_tees, uniq_blork_the_orc,
          uniq_sigmund

Skill      XL: |  1  2  3  4  5  6 |
---------------+-------------------+-----
Conjurations   | 3 4 |  4.0
Spellcasting   | 3 4 5 |  5.1
Dodging        | 3 |  3.6
Long Blades    | 1 2 |  2.7
Stealth        | 4 |  4.4
Fighting       | 1 |  1.0

Action                   |  1- 3 |  4- 6 || total
-------------------------+-------+-------++-------
Melee: Dagger            |    21 |       ||    21
       Eudemon blade     |       |    68 ||    68
 Cast: Magic Dart        |    92 |    47 ||   139
       Searing Ray       |     2 |     8 ||    10
  Use: Scroll            |     2 |       ||     2
 Stab: Sleeping          |       |     3 ||     3
Armor: Robe              |    11 |     4 ||    15
Dodge: Dodged            |    56 |    60 ||   116
